 Dungeon Crawl Stone Soup version 0.26.1-11-gd32895ea62 (webtiles) character file.

Game seed: 7841001244822887823

115 Zeld the Slasher (level 5, -3/38 HPs)
             Began as a Human Gladiator on June 4, 2021.
             Killed from afar by an orc wizard (7 damage)
             ... with a magic dart
             ... on level 5 of the Dungeon.
             The game lasted 00:01:21 (1102 turns).

Zeld the Slasher (Human Gladiator)                  Turns: 1102, Time: 00:01:22

Health: -3/38      AC:  4    Str: 15    XL:     5   Next: 20%
Magic:  5/5        EV: 13    Int:  8    God:
Gold:   19         SH:  5    Dex: 15    Spells: 4/4 levels left

rFire    . . .     SeeInvis .   a - +0 long sword
rCold    . . .     Faith    .   (no shield)
rNeg     . . .     Spirit   .   b - +0 leather armour
rPois    .         Reflect  +   c - +0 helmet
rElec    .         Harm     .   (no cloak)
rCorr    .         Rampage  .   (no gloves)
Will     .....                  (no boots)
Stlth    +.........             g - amulet of reflection
HPRegen  0.12/turn              (no ring)
MPRegen  0.09/turn              (no ring)

@: no status effects
A: no striking features
a: no special abilities


You were on level 5 of the Dungeon.
You visited 1 branch of the dungeon, and saw 5 of its levels.

You collected 19 gold pieces.

Inventory:

Hand Weapons
 a - a +0 long sword (weapon)
Missiles
 d - 3 throwing nets (quivered)
Armour
 b - a +0 leather armour (worn)
 c - a +0 helmet (worn)
Jewellery
 g - an amulet of reflection (around neck)
Wands
 j - a wand of digging (5)
Scrolls
 e - 4 scrolls of teleportation {unknown}
 f - a scroll of enchant armour {unknown}
 i - a scroll of random uselessness {unknown}
Potions
 h - 2 potions of lignification {unknown}


   Skills:
 - Level 2.0 Fighting
 * Level 5.5 Long Blades
 - Level 2.0 Throwing
 - Level 3.0 Dodging


You had 4 spell levels left.
You didn't know any spells.
Your spell library was empty.

Dungeon Overview and Level Annotations

Branches:
Dungeon (5/15)
 Temple: D:4-7

Altars:
Gozag
Nemelex Xobeh
Xom


Message History

The orc wizard barely misses you.
You hit the orc wizard but do no damage.
The orc wizard is moderately wounded.
You closely miss the orc wizard.
The orc wizard is moderately wounded.
The orc wizard barely misses you. The orc wizard closely misses you.
You hit the orc wizard but do no damage.
The orc wizard is moderately wounded.
The orc wizard casts a spell.
The orc wizard blinks!
The centaur zombie misses you.
An ogre comes into view. It is wielding a +0 giant club.
The centaur zombie hits you.
* * * LOW HITPOINT WARNING * * *
Items here: )) [[ †††††.
The centaur zombie hits you.
* * * LOW HITPOINT WARNING * * *
The orc wizard points at you and mumbles some strange words.
The magic dart hits you!
You die...

#.......#
#.......#
#..O....#
#.......#
#.......#
#...o...#
#.......#
#@Z.#
##)## .
#.#.# #
####.
####.####
#. ....
#...#...#
#.###.#.
#..#.#..#
#....<..
####.####
###.###.
#..# #.#
#.## #.#


You could see an ogre, an orc wizard and a centaur zombie.

Vanquished Creatures
  A howler monkey (D:5)
  A worker ant (D:5)
  2 adders
  8 orcs
  2 giant cockroaches
  3 hobgoblins
  A bat (D:1)
  3 frilled lizards
  5 kobolds
  3 rats
29 creatures vanquished.

Notes
Turn   | Place    | Note
-------+----------+-------------------------------------------
     0 | D:1      | Zeld the Human Gladiator began the quest for the Orb.
     0 | D:1      | Reached XP level 1. HP: 16/16 MP: 1/1
   266 | D:1      | Reached XP level 2. HP: 20/22 MP: 2/2
   345 | D:3      | Found a shimmering altar of Xom.
   372 | D:3      | Reached skill level 4 in Long Blades
   372 | D:3      | Reached XP level 3. HP: 25/27 MP: 3/3
   491 | D:3      | Found a sparkling altar of Nemelex Xobeh.
   491 | D:3      | Found an opulent altar of Gozag.
  1041 | D:5      | Entered Level 5 of the Dungeon
  1075 | D:5      | Reached XP level 4. HP: 30/33 MP: 4/4
  1088 | D:5      | Reached skill level 5 in Long Blades
  1094 | D:5      | Reached XP level 5. HP: 7/38 MP: 5/5
  1101 | D:5      | Noticed an ogre
  1102 | D:5      | Killed from afar by an orc wizard

Illustrated notes

Levels and vault maps discovered:
D:1:      amcnicky_arrival_blooded_trapdoor, layout_loops_ring,
          hangedman_abyss_or_decor_lesser_grid, nicolae_ashenzari_panopticon
D:2:      layout_rooms, chequers_temple_overflow_minitemple, elyvilon_altar_1
D:3:      layout_basic, grunt_temple_overflow_opulence, lemuel_round_altar,
          gammafunk_temple_overflow_wave
D:4:      layout_loops_ring, minmay_liquid_box
D:5:      layout_basic, temple_statues, enter_ossuary_3, serial_shops,
          kennysheep_mini_moat, shop, hangedman_abyss_or_decor_slice,
          wad_rectangle_vault

Skill      XL: |  1  2  3  4 |
---------------+-------------+-----
Long Blades    | 4 5 |  5.5
Fighting       | |  2.0
Throwing       | |  2.0
Dodging        | |  3.0

Action                   |  1- 3 |  4- 6 || total
-------------------------+-------+-------++-------
Melee: Long sword        |    82 |    26 ||   108
Armor: Leather armour    |    17 |     1 ||    18
Dodge: Dodged            |    57 |    16 ||    73
Block: Other             |    11 |     2 ||    13
       Reflection        |     1 |       ||     1
       Rpst.: Long sword |    19 |     3 ||    22
